 Dungeon Crawl Stone Soup version 0.29-a0-40-g8eb35efe60 (webtiles) character file.

Game seed: 12976357836277945810

86 lunkers the Ducker (level 4, -3/35 HPs)
             Began as a Merfolk Gladiator on Feb 2, 2022.
             Slain by Ijyb (5 damage)
             ... on level 3 of the Dungeon.
             The game lasted 00:02:28 (2269 turns).

lunkers the Ducker (Merfolk Gladiator)              Turns: 2269, Time: 00:02:28

Health: -3/35      AC:  2    Str: 14    XL:     4   Next: 49%
Magic:  0/4        EV: 12    Int:  7    God:
Gold:   67         SH:  0    Dex: 17    Spells: 3/3 levels left

rFire   . . .      SeeInvis .   f - +1 short sword (elec)
rCold   . . .      Faith    .   (no shield)
rNeg    . . .      Spirit   +   m - +0 ring mail
rPois   .          Reflect  .   c - +0 helmet
rElec   .          Harm     .   (no cloak)
rCorr   .          Rampage  .   (no gloves)
Will    +....                   (no boots)
Stlth   +.........              o - amulet of guardian spirit
HPRegen 0.11/turn               p - ring of willpower
MPRegen 0.09/turn               (no ring)

@: corroded, invisible
A: (nimble swimmer 2), mertail
a: no special abilities


You were on level 3 of the Dungeon.
You visited 1 branch of the dungeon, and saw 3 of its levels.

You collected 67 gold pieces.

Inventory:

Hand Weapons
 a - a +0 trident
 f - a +1 short sword of electrocution (weapon)
Missiles
 d - 3 throwing nets
Armour
 b - a +0 leather armour
 c - a +0 helmet (worn)
 m - a +0 ring mail (worn)
Jewellery
 o - an amulet of guardian spirit (around neck)
 p - a ring of willpower (left hand)
Scrolls
 e - a scroll of fog {unknown}
 k - 2 scrolls of teleportation {unknown}
 l - 2 scrolls of identify {unknown}
 n - 2 scrolls of blinking {unknown}
 r - a scroll of vulnerability {unknown}
Potions
 g - 2 potions of invisibility
 h - a potion of flight {unknown}
 i - a potion of lignification {unknown}
 j - 3 potions of mutation {unknown}
 q - a potion of heal wounds {unknown}


   Skills:
 + Level 3.0 Fighting
 * Level 3.3 Short Blades
 - Level 4.5 Polearms
 - Level 2.0 Throwing
 + Level 4.8 Dodging


You had 3 spell levels left.
You didn't know any spells.
Your spell library contained the following spells:

 Spells                   Type           Power      Damage    Failure   Level
 Foxfire                  Conj/Fire      0%         2x1d4     67%         1
 Conjure Flame            Conj/Fire      0%         6-21      96%         3
 Inner Flame              Hex/Fire       0%         N/A       96%         3
 Flame Wave               Conj/Fire      0%         2d4       100%        4


Dungeon Overview and Level Annotations

Branches:
Dungeon (3/15)

Altars:
Kikubaaqudgha

Annotations:
D:3 Ijyb, Sigmund


Innate Abilities, Weirdness & Mutations

((You are very nimble when in or above water. (Stealth+, EV+, Speed+++)))
Your lower body shifts to a powerful aquatic tail in water.


Message History

A giant cockroach is nearby!
You hit the giant cockroach.
Lightning courses through the giant cockroach!!
You kill the giant cockroach!
An orc comes into view. It is wielding a +0 whip.
The orc shouts!
An orc is nearby!
An orc is nearby!
The orc closely misses you.
You hit the orc.
The orc is almost dead.
The orc barely misses you.
You hit the orc.
You kill the orc!
No target in view!
No target in view!
Ijyb the Twisted Goblin comes into view.
She is wielding a +0 club and carrying a wand of acid (7).
Ijyb shouts!
A bat comes into view.
Ijyb screams, "Die!"
Ijyb zaps a wand.
The bolt of acid misses you.
You hit the bat but do no damage. The bat misses you.
Ijyb zaps a wand.
The bolt of acid hits you!!!
* * * LOW MAGIC WARNING * * *
Ouch! That really hurt!
* * * LOW HITPOINT WARNING * * *
The acid corrodes you!
You are too injured to fight recklessly!
You are too injured to fight recklessly!
You are too injured to fight recklessly!
Found a stone staircase leading down.
The bat barely misses you. The bat hits you.
* * * LOW HITPOINT WARNING * * *
Sigmund the Dreaded comes into view.
He is wielding a +2 vampiric scythe.
Unknown command.
Okay, then.
It was a potion of invisibility.
You fade into invisibility!
The bat barely misses you. Ijyb hits you with a +0 club.
You die...

..............#
..............# ...
..............# ...
..............# ....
...###........# .....
...###........#####.....
............##...b......
...)........##..........
............##..@..##..
............##...g$.....
........#...##..........
........#...##.......#..
..#########.###.........
.. .. #....#.#..
........ > #.@...##.


You could see Sigmund (wandering), Ijyb and a bat.

Vanquished Creatures
  Jessica (D:2)
  An adder (D:2)
  A worm (D:2)
  An orc (D:3)
  5 endoplasms
  5 giant cockroaches
  5 goblins
  3 hobgoblins
  A quokka (D:2)
  6 ball pythons
  2 bats
  3 frilled lizards
  5 kobolds
  7 rats
46 creatures vanquished.

Notes
Turn   | Place    | Note
-------+----------+-------------------------------------------
     0 | D:1      | lunkers the Merfolk Gladiator began the quest for the Orb.
     0 | D:1      | Reached XP level 1. HP: 16/16 MP: 1/1
   228 | D:1      | Reached skill level 1 in Short Blades
   244 | D:1      | Reached XP level 2. HP: 21/23 MP: 2/2
  1022 | D:2      | Reached XP level 3. HP: 28/28 MP: 3/3
  1792 | D:2      | Noticed Jessica
  1803 | D:2      | Killed Jessica
  1804 | D:2      | Reached XP level 4. HP: 15/35 MP: 1/4
  1983 | D:2      | Found an ancient bone altar of Kikubaaqudgha.
  2138 | D:3      | Found a faded altar of an unknown god.
  2264 | D:3      | Noticed Ijyb
  2268 | D:3      | HP: 1/35 [bat (1)]
  2268 | D:3      | Noticed Sigmund
  2269 | D:3      | Slain by Ijyb

Illustrated notes

Levels and vault maps discovered:
D:1:      lemuel_arrival_broad_hall, layout_loops_ring
D:2:      layout_basic, basic_altar, uniq_jessica
D:3:      layout_basic, dreamdust_ecumenical_altar_statues, uniq_ijyb,
          uniq_grinder, uniq_sigmund

Skill      XL: |  1  2  3 |
---------------+----------+-----
Short Blades   | 1 2 3 |  3.3
Fighting       | 3 |  3.0
Polearms       | |  4.5
Throwing       | |  2.0
Dodging        | |  4.8

Action                   |  1- 3 |  4- 6 || total
-------------------------+-------+-------++-------
Melee: Short sword       |   109 |    21 ||   130
       Trident           |     4 |       ||     4
  Use: Potion            |       |     1 ||     1
 Stab: Sleeping          |     3 |       ||     3
Armor: Leather armour    |    17 |       ||    17
       Ring mail         |     9 |     9 ||    18
Dodge: Dodged            |    62 |    13 ||    75

Table legend: (Time is in decaauts)
 A = Elapsed time spent in this place.
 B = Non-inter-level travel time spent in this place.
 C = Inter-level travel time spent in this place.
 D = Time resting spent in this place.
 E = Time spent auto-exploring this place.
 F = Levels seen in this place.
 G = Mean time per level.
                   A        B        C        D        E       F      G
               +--------+--------+--------+--------+--------+-----+--------+
         Total |   2267 |   2256 |     11 |      0 |   1916 |   3 |  755.7 |
       Dungeon |   2267 |   2256 |     11 |      0 |   1916 |   3 |  755.7 |
               +--------+--------+--------+--------+--------+-----+--------+

Top non-repeatable levels by time:
     D:2: 1289 daAuts
     D:1: 841 daAuts
     D:3: 137 daAuts
